 Seeded DCSS version 0.27-a0-1200-g94dc6ad4cf (webtiles) character file.

Game seed: 3409633873004942856 (custom seed)

174 flotson the Covert (level 5, -2/47 HPs)
             Began as a Gnoll Delver on May 30, 2021.
             Killed by divine providence
             ... invoked by an orc priest
              (9 damage)
             ... on level 5 of the Dungeon.
             The game lasted 00:01:21 (727 turns).

flotson the Covert (Gnoll Delver)                    Turns: 727, Time: 00:01:22

Health: -2/47      AC:  6    Str: 12    XL:     5   Next: 54%
Magic:  7/7        EV: 10    Int:  9    God:
Gold:   7          SH:  0    Dex: 14    Spells: 7/7 levels left

rFire    . . .     SeeInvis .   b - +0 quarterstaff
rCold    . . .     Faith    .   (shield currently unavailable)
rNeg     . . .     Spirit   .   j - +0 scale mail
rPois    .         Reflect  .   (no helmet)
rElec    .         Harm     .   (no cloak)
rCorr    .         Rampage  .   (no gloves)
Will     .....                  (no boots)
Stlth    +++.......             (no amulet)
HPRegen  0.15/turn              (no ring)
MPRegen  0.10/turn              (no ring)

@: no status effects
A: fangs 1, strong nose, distributed training
a: no special abilities


You were on level 5 of the Dungeon.
You visited 1 branch of the dungeon, and saw 1 of its levels.

You collected 7 gold pieces.

Inventory:

Hand Weapons
 a - a +0 trident
 b - a +0 quarterstaff (weapon)
Armour
 j - a +0 scale mail (worn)
Wands
 g - a wand of digging (3)
Scrolls
 c - a scroll of fog
 d - a scroll of magic mapping
 e - a scroll of fear
 h - a scroll of enchant weapon {unknown}
 i - a scroll of identify {unknown}
Potions
 f - a potion of haste


   Skills:
 + Level 6.7 Fighting
 + Level 1.5 Short Blades
 + Level 1.5 Long Blades
 + Level 1.5 Axes
 + Level 1.5 Maces & Flails
 + Level 4.8 Polearms
 + Level 1.5 Staves
 + Level 1.5 Slings
 + Level 1.5 Bows
 + Level 1.5 Crossbows
 + Level 1.5 Throwing
 + Level 1.5 Armour
 + Level 4.8 Dodging
 + Level 9.6 Stealth
 + Level 1.5 Shields
 + Level 1.5 Unarmed Combat
 + Level 1.5 Spellcasting
 + Level 1.2 Conjurations
 + Level 1.2 Hexes
 + Level 1.2 Summonings
 + Level 1.2 Necromancy
 + Level 1.2 Translocations
 + Level 1.2 Transmutations
 + Level 1.2 Fire Magic
 + Level 1.2 Ice Magic
 + Level 1.2 Air Magic
 + Level 1.2 Earth Magic
 + Level 1.2 Poison Magic
 + Level 1.7 Invocations
 + Level 1.5 Evocations


You had 7 spell levels left.
You didn't know any spells.
Your spell library was empty.

Dungeon Overview and Level Annotations

Branches:
Dungeon (5/15)
 Temple: D:4-7

Altars:


Innate Abilities, Weirdness & Mutations

You have very sharp teeth.
Your uncanny sense of smell can sniff out nearby items.
Your experience applies equally to all skills.


Message History

The orc priest shouts!
Items here: ))) [ ††.
You hit the orc priest. Your bite misses the orc priest.
The orc priest is lightly wounded.
The orc priest closely misses you.
You closely miss the orc priest.
The orc priest is lightly wounded.
The orc priest barely misses you.
You hit the orc priest.
You bite the orc priest, but do no damage.
The orc priest is moderately wounded.
The orc priest hits you with a +0 flail.
The orc priest completely misses you.
You hit the orc priest.
The orc priest is heavily wounded.
The orc priest hits you with a +0 flail.
You hit the orc priest but do no damage.
The orc priest is heavily wounded.
The orc priest miscasts a cantrip.
You sock the orc priest!
You kill the orc priest!
You hit the orc priest.
The orc priest is lightly wounded.
The orc priest hits you but does no damage.
You hit the orc priest. Your bite misses the orc priest.
The orc priest is moderately wounded.
The orc priest calls down the wrath of Beogh upon you.
Beogh smites you!
* * * LOW HITPOINT WARNING * * *
The orc priest barely misses you.
You sock the orc priest!
The orc priest is severely wounded.
The orc priest mumbles some strange prayers to Beogh against you.
Pain shoots through your body!
* * * LOW HITPOINT WARNING * * *
You hit the orc priest. Your bite misses the orc priest.
The orc priest is almost dead.
The orc priest invokes the aid of Beogh against you.
Beogh smites you!
You die...

######### ###
#.......# #.##
####.#####.#
.#.####....#####.#
###.....#.....##.#
.#.####>...##.##@#
#.# ####..>..o.#
### ####.#### #.#
#.## #..# ##o#
##.# #.o#


You could see an orc priest.

Vanquished Creatures
  A bullfrog (D:5)
  An orc priest (D:5)
  A hound (D:5)
  An orc wizard (D:5)
  2 ufetubi (D:5)
  An adder zombie (D:5)
  4 orcs (D:5)
11 creatures vanquished.

Notes
Turn   | Place    | Note
-------+----------+-------------------------------------------
     0 | D:5      | Reached skill level 9 in Stealth
     0 | D:5      | flotson the Gnoll Delver began the quest for the Orb.
     0 | D:5      | Reached XP level 1. HP: 23/23 MP: 1/1
   217 | D:5      | Reached XP level 2. HP: 29/29 MP: 2/2
   349 | D:5      | Noticed a bullfrog
   357 | D:5      | Killed a bullfrog
   358 | D:5      | Reached skill level 1 in Short Blades
   358 | D:5      | Reached skill level 1 in Long Blades
   358 | D:5      | Reached skill level 1 in Axes
   358 | D:5      | Reached skill level 1 in Maces & Flails
   358 | D:5      | Reached skill level 1 in Staves
   358 | D:5      | Reached skill level 1 in Slings
   358 | D:5      | Reached skill level 1 in Bows
   358 | D:5      | Reached skill level 1 in Crossbows
   358 | D:5      | Reached skill level 1 in Throwing
   358 | D:5      | Reached skill level 1 in Armour
   358 | D:5      | Reached skill level 1 in Shields
   358 | D:5      | Reached skill level 1 in Unarmed Combat
   358 | D:5      | Reached skill level 1 in Spellcasting
   358 | D:5      | Reached skill level 1 in Invocations
   358 | D:5      | Reached skill level 1 in Evocations
   358 | D:5      | Reached XP level 3. HP: 24/35 MP: 2/4
   358 | D:5      | Reached XP level 4. HP: 28/41 MP: 2/5
   367 | D:5      | Reached skill level 1 in Conjurations
   367 | D:5      | Reached skill level 1 in Hexes
   367 | D:5      | Reached skill level 1 in Summonings
   367 | D:5      | Reached skill level 1 in Necromancy
   367 | D:5      | Reached skill level 1 in Translocations
   367 | D:5      | Reached skill level 1 in Transmutations
   367 | D:5      | Reached skill level 1 in Fire Magic
   367 | D:5      | Reached skill level 1 in Ice Magic
   367 | D:5      | Reached skill level 1 in Air Magic
   367 | D:5      | Reached skill level 1 in Earth Magic
   367 | D:5      | Reached skill level 1 in Poison Magic
   663 | D:5      | Reached XP level 5. HP: 25/47 MP: 5/7
   727 | D:5      | Killed from afar by an orc priest

Illustrated notes

Levels and vault maps discovered:
D:5:      layout_loops_cross, serial_shops,
          nicolae_shop_temple_entry_statues_fountains, st_stairs_8

Skill      XL: |  1  2  3  4 |
---------------+-------------+-----
Stealth        | |  9.6
Short Blades   | 1 |  1.5
Long Blades    | 1 |  1.5
Axes           | 1 |  1.5
Maces & Flails | 1 |  1.5
Staves         | 1 |  1.5
Slings         | 1 |  1.5
Bows           | 1 |  1.5
Crossbows      | 1 |  1.5
Throwing       | 1 |  1.5
Armour         | 1 |  1.5
Shields        | 1 |  1.5
Unarmed Combat | 1 |  1.5
Spellcasting   | 1 |  1.5
Invocations    | 1 |  1.7
Evocations     | 1 |  1.5
Conjurations   | 1 |  1.2
Hexes          | 1 |  1.2
Summonings     | 1 |  1.2
Necromancy     | 1 |  1.2
Translocations | 1 |  1.2
Transmutations | 1 |  1.2
Fire Magic     | 1 |  1.2
Ice Magic      | 1 |  1.2
Air Magic      | 1 |  1.2
Earth Magic    | 1 |  1.2
Poison Magic   | 1 |  1.2
Fighting       | |  6.7
Polearms       | |  4.8
Dodging        | |  4.8

Action                   |  1- 3 |  4- 6 || total
-------------------------+-------+-------++-------
Melee: Trident           |    11 |       ||    11
       Bite              |     4 |     5 ||     9
       Quarterstaff      |    13 |    38 ||    51
 Stab: Sleeping          |     3 |       ||     3
Armor: Leather armour    |     6 |     1 ||     7
       Scale mail        |       |    12 ||    12
Dodge: Dodged            |    36 |    21 ||    57

Table legend: (Time is in decaauts)
 A = Elapsed time spent in this place.
 B = Non-inter-level travel time spent in this place.
 C = Inter-level travel time spent in this place.
 D = Time resting spent in this place.
 E = Time spent auto-exploring this place.
 F = Levels seen in this place.
 G = Mean time per level.
                   A        B        C        D        E       F      G
               +--------+--------+--------+--------+--------+-----+--------+
         Total |    739 |    739 |      0 |      0 |    525 |   1 |  739.0 |
       Dungeon |    739 |    739 |      0 |      0 |    525 |   1 |  739.0 |
               +--------+--------+--------+--------+--------+-----+--------+

Top non-repeatable levels by time:
     D:5: 739 daAuts
